Map: Romanticide LE

Players

Nina

  • Race: Protoss Protoss
  • League: Grandmaster
  • Spawn Location: 11:00

MCanning - Winner!

  • Race: Protoss Protoss
  • Spawn Location: 5:00

Event: DreamHack SC2 Masters 2020 Winter

VOD

Have the link to the VOD?

Description

Time

  • Played on: Nov. 1, 2020, 2:34 p.m.
  • Length: 23:51

All games in this series

Show
View Real Time Build Order
Export as new Build Order

Nina Protoss 

Build Orders: Phoenix Opening, Blink Stalkers 

Get SALT Encoding   

  12  0:00  Probe  
  13  0:12  Probe  
  14  0:18  Pylon  
  14  0:24  Probe (Chrono Boost)  
  15  0:36  Probe (Chrono Boost)  
  15  0:37  Gateway  
  16  0:45  Probe (Chrono Boost)  
  16  0:48  Assimilator  
  17  0:51  Probe  
  17  0:55  Assimilator  
  18  1:03  Probe (Chrono Boost)  
  19  1:09  Gateway  
  19  1:13  Probe (Chrono Boost)  
  19  1:17  Probe (Chrono Boost)  
  21  1:25  Cybernetics Core  
  21  1:29  Probe  
  22  1:35  Pylon  
  22  1:41  Probe  
  23  1:53  Probe  
  24  1:58  Unknown x2  
  24  1:59  Unknown  
  24  2:02  Stalker x2  
  24  2:06  Warp Gate  
  24  2:08  Probe  
  29  2:13  Pylon  
  29  2:15  Pylon  
  29  2:20  Unknown  
  29  2:26  Pylon  
  29  2:29  Probe  
  30  2:36  Sentry x2  
  34  2:44  Probe  
  35  2:51  Nexus  
  35  2:56  Probe  
  36  3:02  Pylon  
  36  3:08  Probe  
  36  3:11  Twilight Council  
  37  3:13  Phoenix  
  37  3:22  Probe  
  37  3:24  Forge  
  38  3:34  Probe  
  39  3:46  Probe  
  39  3:47  Blink (Chrono Boost)  
  40  3:57  Pylon  
  40  3:58  Protoss Ground Weapons Level 1, Probe  
  41  4:05  Probe  
  41  4:06  Stalker  
  41  4:07  Stalker  
  46  4:10  Probe  
  46  4:14  Phoenix  
  48  4:17  Probe (Chrono Boost)  
  48  4:22  Photon Cannon  
  48  4:23  Probe (Chrono Boost)  
  49  4:29  Stalker  
  49  4:31  Probe (Chrono Boost)  
  52  4:34  Probe (Chrono Boost)  
  52  4:35  Stalker  
  52  4:37  Probe (Chrono Boost)  
  56  4:39  Probe (Chrono Boost)  
  56  4:45  Assimilator  
  57  4:47  Probe  
  58  4:54  Pylon  
  58  5:00  Probe  
  58  5:02  Stalker x2  
  58  5:05  Probe  
  64  5:17  Gateway  
  64  5:21  Gateway x2  
  64  5:25  Gateway  
  64  5:26  Phoenix  
  64  5:27  Stalker  
  66  5:29  Gateway  
  66  5:36  Stalker  
  68  5:44  Nexus  
  68  5:50  Shield Battery  
  68  5:57  Stalker  
  68  6:00  Charge  
  68  6:01  Probe x2  
  68  6:03  Stalker  
  74  6:04  Protoss Ground Weapons Level 2 (Chrono Boost)  
  74  6:12  Pylon  
  74  6:13  Probe  
  75  6:20  Stalker  
  77  6:29  Pylon  
  77  6:30  Stalker  
  77  6:31  Photon Cannon, Pylon  
  79  6:33  Stalker  
  79  6:36  Stalker  
  83  6:44  Pylon  
  83  7:01  Stalker x5  
  93  7:02  Stalker  
  93  7:07  Probe x3  
  98  7:19  Assimilator, Probe x3  
  101  7:29  Templar Archives  
  101  7:30  Gateway  
  101  7:31  Probe x2  
  101  7:33  Probe  
  96  7:53  Zealot x2  
  96  7:54  Zealot x5  
  96  7:57  Probe x2  
  112  8:00  Assimilator  
  112  8:01  Assimilator  
  112  8:05  Pylon  
  112  8:08  Psionic Storm  
  112  8:14  High Templar x2  
  112  8:15  Zealot x3  
  122  8:24  High Templar  
  122  8:25  Photon Cannon  
  124  8:27  Probe x2  
  124  8:28  Probe  
  127  8:38  High Templar  
  127  8:39  Probe x2  
  131  8:49  High Templar, Pylon  
  131  8:51  Pylon  
  133  8:57  Nexus, Robotics Facility  
  133  9:03  Pylon  
  133  9:06  Pylon  
  133  9:08  High Templar  
  135  9:10  High Templar  
  135  9:11  Zealot x4  
  144  9:22  Probe  
  144  9:32  Photon Cannon  
  144  9:33  Protoss Ground Weapons Level 3  
  144  9:35  Gateway  
  144  9:39  Gateway  
  144  9:40  High Templar x2  
  144  9:41  Zealot x3  
  144  9:43  Zealot  
  156  9:46  Archon, Warp Prism (Chrono Boost)  
  158  9:54  Pylon  
  158  9:55  Pylon  
  158  9:58  High Templar x2  
  162  10:02  Archon  
  162  10:06  Pylon  
  162  10:12  Photon Cannon  
  162  10:13  Unknown, Probe  
  163  10:16  Probe  
  163  10:19  High Templar x2, Zealot x3  
  174  10:23  Archon  
  174  10:26  Zealot  
  176  10:31  Zealot x3  
  176  10:33  Probe  
  183  10:49  Stalker x4  
  149  11:15  Zealot x2  
  149  11:16  Zealot x5  
  159  11:24  Zealot x3  
  159  11:25  Archon  
  161  11:31  Probe x2  
  159  11:39  Stalker x7  
  137  12:04  Stalker x2  
  137  12:05  Stalker x4  
  93  12:16  High Templar x4  
  93  12:17  Probe  
  100  12:31  Stalker x6  
  112  12:41  Nexus  
  112  12:48  Stalker x6  
  112  12:50  Stalker  
  124  13:08  High Templar x3  
  122  13:22  High Templar, Stalker x2  
  122  13:23  Stalker x4  
  130  13:28  Archon  
  112  13:46  Stalker x6  
  112  13:47  Stalker x3  
  130  13:49  Archon  
  130  13:52  Probe  
  130  13:54  Pylon  
  130  13:55  Probe  
  132  13:56  Probe  
  132  13:57  Probe x2  
  132  14:00  Protoss Shields Level 1 (Chrono Boost)  
  135  14:03  Dark Shrine  
  135  14:04  Probe  
  135  14:07  Probe  
  135  14:08  Assimilator, Probe  
  138  14:10  Assimilator  
  136  14:27  Stalker x9  
  136  14:30  Probe  
  149  14:33  Observer  
  114  14:48  Stalker  
  114  14:52  Stalker x9  
  130  14:55  Probe x2  
  130  14:56  Probe  
  135  15:04  Probe  
  136  15:11  Photon Cannon  
  136  15:17  Dark Templar x2  
  140  15:27  Zealot x2  
  140  15:28  Dark Templar x5, Zealot  
  150  15:56  Stalker x5  
  154  16:16  Nexus  
  154  16:17  Stalker x5  
  156  16:26  Nexus  
  156  16:30  Pylon  
  154  16:33  High Templar x3, Pylon  
  150  16:40  Stalker x3  
  150  16:41  Stalker x4  
  150  16:44  Photon Cannon  
  150  17:05  Dark Templar x4  
  156  17:13  Stalker  
  156  17:14  Stalker x5  
  136  17:29  Probe  
  131  17:41  Stalker x8  
  131  17:42  Stalker x2  
  135  18:07  Stalker x3  
  135  18:08  Stalker x3  
  135  18:09  Stalker x3  
  148  18:14  Assimilator  
  148  18:16  Assimilator  
  135  18:23  Stalker  
  137  18:34  Stalker x6  
  139  18:48  Zealot  
  139  18:49  Zealot  
  125  19:10  Stalker  
  125  19:11  Stalker x4  
  122  19:21  High Templar x2  
  122  19:22  High Templar  
  105  19:57  Observer  
  94  20:14  Nexus  
  73  21:39  Stalker x3  
  77  22:01  Nexus  
  77  22:11  Stalker x2  
Show
View Real Time Build Order
Export as new Build Order

MCanning Protoss - Winner!

Build Orders: Carriers 

Get SALT Encoding   

  12  0:00  Probe  
  13  0:12  Probe  
  14  0:17  Pylon  
  14  0:24  Probe  
  15  0:36  Probe (Chrono Boost)  
  15  0:37  Gateway  
  16  0:46  Assimilator  
  16  0:47  Probe (Chrono Boost)  
  17  0:51  Probe (Chrono Boost)  
  17  0:54  Assimilator  
  18  1:03  Probe (Chrono Boost)  
  19  1:14  Gateway  
  19  1:15  Probe (Chrono Boost)  
  20  1:21  Probe (Chrono Boost)  
  21  1:25  Cybernetics Core  
  21  1:29  Probe  
  22  1:36  Pylon  
  22  1:41  Probe  
  23  1:50  Unknown x2  
  23  1:51  Unknown  
  24  1:54  Probe  
  24  2:00  Warp Gate (Chrono Boost)  
  24  2:02  Stalker  
  24  2:03  Sentry  
  28  2:12  Pylon  
  28  2:18  Pylon  
  28  2:22  Probe  
  29  2:29  Stalker  
  31  2:32  Stalker  
  33  2:54  Nexus  
  33  3:01  Shield Battery  
  33  3:07  Probe  
  34  3:19  Stargate  
  34  3:20  Probe  
  34  3:32  Pylon, Probe (Chrono Boost)  
  35  3:41  Sentry  
  37  3:44  Probe (Chrono Boost)  
  38  3:49  Probe (Chrono Boost)  
  39  3:56  Pylon  
  39  3:57  Adept  
  39  3:58  Probe  
  39  4:02  Oracle (Chrono Boost)  
  42  4:09  Probe  
  46  4:10  Probe  
  47  4:21  Robotics Facility, Probe (Chrono Boost)  
  49  4:28  Probe (Chrono Boost)  
  50  4:32  Probe (Chrono Boost), Void Ray  
  50  4:36  Probe x2 (Chrono Boost)  
  52  4:44  Assimilator  
  56  4:46  Assimilator, Probe  
  56  4:47  Probe  
  58  4:56  Pylon  
  58  4:58  Probe  
  58  4:59  Pylon, Probe  
  60  5:08  Immortal (Chrono Boost)  
  60  5:11  Probe x2  
  66  5:22  Stargate  
  66  5:23  Probe  
  66  5:24  Void Ray  
  66  5:26  Probe  
  68  5:35  Probe  
  73  5:40  Observer (Chrono Boost)  
  73  5:42  Probe  
  75  5:43  Pylon  
  75  5:47  Probe  
  76  5:53  Immortal (Chrono Boost)  
  80  5:59  Forge  
  80  6:03  Void Ray (Chrono Boost)  
  80  6:08  Void Ray (Chrono Boost)  
  88  6:18  Nexus  
  88  6:23  Probe  
  88  6:24  Pylon  
  89  6:34  Probe  
  89  6:37  Void Ray (Chrono Boost)  
  89  6:39  Probe  
  91  6:42  Protoss Air Weapons Level 1  
  91  6:44  Shield Battery  
  91  6:46  Photon Cannon  
  95  6:53  Zealot, Void Ray (Chrono Boost)  
  101  6:55  Probe  
  101  6:58  Shield Battery  
  102  7:05  Robotics Bay  
  102  7:10  Photon Cannon  
  102  7:13  Photon Cannon  
  102  7:25  Pylon  
  102  7:29  Void Ray x2 (Chrono Boost)  
  102  7:30  Probe x2  
  102  7:33  Probe  
  113  7:42  Probe x2  
  113  7:44  Stalker x2  
  115  7:49  Probe  
  116  7:54  Probe  
  116  7:59  Disruptor  
  116  8:00  Probe  
  116  8:02  Probe  
  121  8:07  Assimilator  
  121  8:11  Assimilator  
  121  8:14  Void Ray  
  121  8:15  Photon Cannon  
  121  8:20  Pylon  
  121  8:25  Photon Cannon  
  125  8:32  Void Ray  
  125  8:38  Shield Battery, Probe x3  
  132  8:43  Photon Cannon  
  132  8:53  Fleet Beacon  
  132  8:55  Photon Cannon  
  132  9:00  Probe  
  133  9:03  Pylon  
  133  9:12  Disruptor  
  133  9:13  Void Ray (Chrono Boost)  
  133  9:21  Probe  
  141  9:26  Pylon  
  141  9:28  Shield Battery  
  141  9:39  Void Ray (Chrono Boost)  
  141  9:41  Flux Vanes  
  141  9:44  Nexus, Probe x2  
  147  9:46  Pylon  
  147  9:51  Protoss Air Weapons Level 2  
  147  9:55  Probe  
  147  9:57  Pylon  
  147  9:58  Pylon  
  148  10:01  Disruptor (Chrono Boost), Probe  
  148  10:04  Void Ray (Chrono Boost)  
  156  10:08  Photon Cannon  
  156  10:11  Photon Cannon  
  156  10:12  Shield Battery  
  156  10:14  Probe  
  157  10:16  Photon Cannon  
  157  10:19  Unknown  
  157  10:22  Pylon  
  157  10:24  Pylon, Carrier (Chrono Boost)  
  163  10:30  Protoss Shields Level 1  
  163  10:35  Stargate, Probe  
  164  10:44  Disruptor  
  164  10:46  Void Ray  
  166  11:00  Zealot x2  
  160  11:15  Void Ray  
  159  11:19  Disruptor (Chrono Boost)  
  159  11:23  Probe  
  159  11:29  Carrier  
  159  11:31  Zealot x2  
  150  11:48  Pylon  
  150  11:49  Disruptor (Chrono Boost), Pylon x2  
  151  11:57  Void Ray  
  141  12:02  Probe  
  123  12:22  Disruptor (Chrono Boost)  
  123  12:25  Pylon  
  123  12:27  Probe, Void Ray  
  127  12:34  Void Ray  
  127  12:35  Probe  
  132  12:40  Probe  
  137  12:46  Photon Cannon x2, Probe  
  137  12:49  Nexus  
  137  12:50  Pylon, Observer (Chrono Boost)  
  139  13:02  Disruptor (Chrono Boost)  
  134  13:09  Shield Battery  
  134  13:14  Stalker x2, Void Ray  
  134  13:15  Void Ray  
  146  13:30  Disruptor (Chrono Boost)  
  145  13:38  Carrier  
  151  13:46  Probe  
  152  13:52  Probe  
  152  13:53  Robotics Facility  
  152  13:54  Photon Cannon  
  153  14:00  Disruptor (Chrono Boost)  
  156  14:05  Photon Cannon  
  156  14:06  Zealot  
  156  14:07  Zealot  
  156  14:09  Protoss Air Weapons Level 3 (Chrono Boost)  
  160  14:14  Probe x4  
  159  14:20  Carrier (Chrono Boost)  
  159  14:26  Probe x2  
  159  14:29  Probe  
  159  14:30  Probe  
  162  14:38  Disruptor (Chrono Boost)  
  153  14:48  Disruptor (Chrono Boost)  
  156  14:53  Probe  
  156  14:54  Probe  
  156  14:58  Carrier (Chrono Boost)  
  158  15:00  Photon Cannon  
  158  15:01  Shield Battery  
  158  15:02  Disruptor  
  158  15:04  Pylon  
  170  15:16  Disruptor (Chrono Boost)  
  170  15:19  Assimilator, Zealot x2  
  174  15:25  Carrier, Void Ray  
  178  15:45  Observer (Chrono Boost)  
  178  15:49  Void Ray  
  169  15:51  Zealot x2  
  169  15:55  Photon Cannon  
  169  15:56  Shield Battery  
  177  15:58  Observer (Chrono Boost)  
  178  16:04  Nexus  
  178  16:05  Pylon  
  178  16:07  Probe  
  179  16:13  Pylon  
  179  16:14  Robotics Bay, Probe  
  180  16:31  Probe, Void Ray x2  
  178  16:36  Photon Cannon  
  178  16:38  Photon Cannon  
  178  16:40  Photon Cannon  
  178  16:42  Shield Battery  
  178  16:46  Probe  
  179  16:47  Pylon, Void Ray  
  179  16:50  Photon Cannon  
  179  16:51  Photon Cannon  
  179  16:53  Pylon  
  177  17:08  Fleet Beacon  
  177  17:09  Void Ray (Chrono Boost)  
  177  17:15  Void Ray (Chrono Boost)  
  163  17:31  Void Ray (Chrono Boost)  
  167  17:40  Nexus  
  167  17:41  Void Ray (Chrono Boost)  
  167  17:44  Pylon  
  167  17:45  Void Ray  
  167  17:48  Zealot, Probe  
  167  17:49  Zealot  
  178  18:01  Void Ray  
  172  18:06  Disruptor x2  
  178  18:26  Pylon  
  178  18:27  Nexus  
  178  18:42  Protoss Air Armor Level 1  
  166  19:19  Photon Cannon  
  166  19:20  Photon Cannon  
  166  19:30  Photon Cannon  
  166  19:32  Photon Cannon  
  166  19:34  Pylon  
  166  19:35  Pylon  
  166  19:40  Pylon  
  166  19:52  Pylon  
  165  20:01  Disruptor  
  165  20:02  Disruptor  
  155  20:25  Void Ray x2  
  145  20:37  Observer  
  142  20:48  Void Ray  
  142  20:50  Assimilator  
  142  20:52  Assimilator  
  146  20:59  Disruptor (Chrono Boost)  
  146  21:00  Observer (Chrono Boost)  
  150  21:13  Void Ray (Chrono Boost)  
  146  21:22  Void Ray (Chrono Boost)  
  146  21:26  Void Ray (Chrono Boost)  
  150  21:39  Probe  
  155  21:49  Zealot x2  
  155  21:50  Disruptor  
  162  21:57  Void Ray  
  162  22:09  Pylon, Nexus  
  154  22:30  Zealot  
  158  22:39  Disruptor (Chrono Boost), Void Ray  
  158  22:40  Zealot  
  158  22:43  Shield Battery x2  
  160  22:46  Pylon  
  160  22:50  Observer (Chrono Boost)  
  165  22:53  Zealot  
  165  22:55  Nexus  
  165  22:56  Pylon  
  167  23:02  Void Ray  
  167  23:04  Zealot  
Tags
 
Add a new tag
Caveats
  • Supply blocks, unpowered buildings, or Contaminate may cause inaccurate times.
  • Supply counts are checked every 10 seconds.